 Dungeon Crawl Stone Soup version 0.22-a0-284-g99d1f7439c (webtiles) character file.

564334 Infinimo the Middleweight Champion (level 25, -1/267 HPs)
             Began as a Demonspawn Berserker on Mar 21, 2018.
             Was the Champion of Trog.
             Splashed by an acid blob's acid (4 damage)
             ... created by the Royal Jelly
             ... on level 5 of the Pits of Slime.
             The game lasted 02:08:05 (62933 turns).

Infinimo the Middleweight Champion (DsBe)          Turns: 62933, Time: 02:08:05

Health: -1/267     AC: 35    Str: 30    XL:     25   Next: 44%
Magic:  1/18       EV:  7    Int: 14    God:    Trog [******]
Gold:   5709       SH: 26    Dex: 10    Spells: 24/24 levels left

rFire    + + .     SeeInvis +     - Unarmed
rCold    + + +     Gourm    .   U - +0 large shield of Impressiveness {rElec rF- Int+6 Slay+6}
rNeg     . . .     Faith    .   N - +5 gold dragon scales
rPois    +         Spirit   .   Y - +2 hat {Int+3}
rElec    +         Reflect  +   B - +2 cloak {MR+}
rCorr    +         Harm     .   R - +1 pair of gloves
MR       ++++.                  (boots unavailable)
Stlth    ..........             G - amulet of Boufatel {Reflect rF+ rC+ MR++ Str+4 SH+3}
HPRegen  0.00/turn              C - ring "Etsesa" {rPois rF+ Int-5 SInv}
MPRegen  0.16/turn              J - ring of the Octopus King {rCorr AC+1 EV+1 Str+1 Int+1 Dex+1}

@: about to teleport, corroded, sanguine armour, berserk cooldown, slowed, very
slow
A: talons 3, clumsy 2, cold resistance 1, deformed body, deterioration 2, dopey
1, icemail, low mp 2, powered by death 3, robust 3, inhibited regeneration, weak
1, freezing cloud immunity, subdued magic 1, MP-powered wands, sanguine armour 3
}: 3/15 runes: barnacled, silver, gossamer
a: Berserk, Trog's Hand, Brothers in Arms, Renounce Religion


You were on level 5 of the Pits of Slime.
You worshipped Trog.
Trog was exalted by your worship.
You were near starving.

You visited 9 branches of the dungeon, and saw 48 of its levels.
You also visited: Labyrinth.

You collected 6798 gold pieces.
You spent 1089 gold pieces at shops.

Inventory:

Hand Weapons
 r - the +9 lajatang "Coyqam" {slice, rElec rPois Str-3}
   (Trog gifted it to you on level 1 of the Orcish Mines)

   It inflicts extra damage upon your enemies.
   It affects your strength (-3).
   It insulates you from electricity.
   It protects you from poison.
 H - a +2 triple sword of freezing
Armour
 B - a +2 cloak of magic resistance (worn)
 N - +5 gold dragon scales (worn)
 R - a +1 pair of gloves (worn)
 U - the +0 large shield of Impressiveness (worn) {rElec rF- Int+6 Slay+6}
   (You took it off Louise on level 4 of the Depths)

   It affects your intelligence (+6).
   It affects your accuracy and damage with ranged weapons and melee attacks
   (+6).
   It makes you vulnerable to fire.
   It insulates you from electricity.
 Y - a +2 hat of intelligence (worn)
Jewellery
 k - the ring of Phasing {EV+8}
   (You found it on level 4 of the Shoals)

   [ring of evasion]

   It affects your evasion (+8).
 C - the ring "Etsesa" (left hand) {rPois rF+ Int-5 SInv}
   (You took it off a centaur on level 9 of the Dungeon)

   [ring of intelligence]

   It affects your intelligence (-5).
   It protects you from fire.
   It protects you from poison.
   It lets you see invisible.
 G - the amulet of Boufatel (around neck) {Reflect rF+ rC+ MR++ Str+4 SH+3}
   (You bought it in a shop on level 5 of the Depths)

   [amulet of reflection]

   It shields you and reflects attacks.
   It affects your strength (+4).
   It protects you from fire.
   It protects you from cold.
   It affects your resistance to hostile enchantments.
   It affects your SH (+3).
 J - a ring of the Octopus King (right hand) {rCorr AC+1 EV+1 Str+1 Int+1 Dex+1}
   (You found it on level 5 of the Vaults)

   [ring of resist corrosion]

   It affects your AC (+1).
   It affects your evasion (+1).
   It affects your strength (+1).
   It affects your intelligence (+1).
   It affects your dexterity (+1).
Wands
 d - a wand of acid (17)
 i - a wand of flame (84)
 o - a wand of disintegration (2)
 q - a wand of iceblast (51)
 t - a wand of scattershot (4)
 A - a wand of clouds (18)
Scrolls
 a - 24 scrolls of identify
 f - 9 scrolls of magic mapping
 h - 2 scrolls of blinking
 j - 30 scrolls of remove curse
 u - 6 scrolls of vulnerability
 x - 9 scrolls of teleportation
 y - 6 scrolls of enchant weapon
 E - 6 scrolls of fog
 I - 2 scrolls of fear
 O - a scroll of brand weapon
 P - 3 scrolls of summoning
Potions
 c - a potion of cancellation
 e - 4 potions of flight
 g - 6 potions of agility
 l - 21 potions of curing
 m - 4 potions of ambrosia
 n - 2 potions of berserk rage
 p - 6 potions of brilliance
 v - 7 potions of might
 z - 5 potions of mutation
 S - 4 potions of haste
 T - 3 potions of invisibility
Miscellaneous
 w - a phantom mirror
Comestibles
 b - 61 rations


   Skills:
 - Level 18.6 Fighting
 - Level 17.2 Armour
 - Level 1.7 Dodging
 + Level 18.5 Shields
 O Level 27 Unarmed Combat


You had 24 spell levels left.
You didn't know any spells.

Dungeon Overview and Level Annotations

Branches:
Dungeon (15/15)            Temple (0/1) D:4            Lair (6/6) D:10
 Shoals (4/4) Lair:4       Spider (4/4) Lair:2        Slime (5/5) Lair:6
    Orc (2/2) D:10            Elf (2/3) Orc:2        Vaults (5/5) D:14
  Crypt (0/3) Vaults:3     Depths (5/5) D:15            Zot (0/5) Depths:5

Altars:
Ashenzari
Cheibriados
Dithmenos
Fedhas
Hepliaklqana
Nemelex Xobeh
Sif Muna
Uskayaw
Vehumet
Xom
Yredelemnul
The Shining One
Beogh
Jiyva

Shops:
D:6 %   D:8 *   D:10 :   Orc:2 ([![   Elf:2 *   Shoals:3 %[   Vaults:4 (
Depths:1 *   Depths:5 =

Portals:
Hell: Depths:1 Depths:2 Depths:3 Depths:4 Depths:5
Abyss: Depths:1 Depths:3 Depths:4
Pandemonium: Depths:3 Depths:5
Ziggurat: Depths:5

Annotations:
D:2 exclusion: oklob plant


Innate Abilities, Weirdness & Mutations

You have claws for feet.
Your flesh is cold resistant. (rC+)
A meltable icy envelope protects you from harm. (AC +10)
You regenerate a lot of health from kills.
You are extremely robust. (+30% HP)
You are immune to freezing clouds.
When seriously injured, your bleeding wounds create very thick armour. (AC +12)
You are very clumsy. (Dex -4)
Armour fits poorly on your strangely shaped body.
Your body often deteriorates upon taking damage.
You are dopey. (Int -2)
Your magical capacity is very low. (-20% MP)
You do not regenerate when monsters are visible.
You are weak. (Str -2)
Your spells are a little easier to cast, but a little less powerful.
You expend magic power (3 MP) to strengthen your wands.


Message History

You block the acid blob's attack. You block the death ooze's attack.
Two slime creatures merge to form a large slime creature.
The death ooze hits you.
* * * LOW HITPOINT WARNING * * *
The death ooze hits you!
* * * LOW HITPOINT WARNING * * *
The acid blob hits you!!
* * * LOW HITPOINT WARNING * * *
You are splashed with acid!
The acid burns!
You resist.
* * * LOW HITPOINT WARNING * * *
The death ooze jiggles.
The death ooze hits you.
* * * LOW HITPOINT WARNING * * *
You block the death ooze's attack.
A slime creature and a great orb of eyes come into view.
You feel much better. You block the death ooze's attack.
The acid blob hits you!!
* * * LOW HITPOINT WARNING * * *
You are splashed with acid!
The acid burns!
You resist.
You die...

..............
.............
...........J#
............#
............#
.........J..J#
.........JJJ####
........GJJJJGJ#
........J@JJ##..
.........JJJJ.#
..........JJJJ.#
..............##
..............###
................#
................#
#.................
..................#


You could see 10 acid blobs, 2 azure jellies, a great orb of eyes, a large slime
creature, 4 slime creatures, 5 death oozes and an eye of draining.

Vanquished Creatures
  the Royal Jelly (Slime:5)
  An ancient lich (Vaults:5)
  2 juggernauts
  Sojobo (Depths:2)
  Bai Suzhen (Vaults:3)
  Saint Roka (Depths:1)
  5 golden dragons
  A caustic shrike (Depths:4)
  Arachne (Spider:4)
  Rupert (Lair:5)
  4 liches
  8 tentacled monstrosities
  5 titans
  23 acid blobs
  An ancient champion (Depths:5)
  A quicksilver dragon (Vaults:5)
  5 sphinxes
  A deep elf blademaster (Elf:2)
  Gastronok (D:8)
  4 shadow dragons
  15 tengu reavers
  8 storm dragons
  Donald (Vaults:4)
  An azure jelly (shapeshifter) (Vaults:5)
  The ghost of Infinimo the Severer, an adept DsBe of Trog (Shoals:1)
  Ilsuiw (Shoals:4)
  5 fire giants
  6 azure jellies
  13 frost giants
  A ghost moth (shapeshifter) (Vaults:2)
  2 iron dragons
  7 large abominations
  17 vault wardens
  5 deep elf sorcerers
  Louise (Depths:4)
  19 ironheart preservers
  4 ghost moths
  3 deep elf elementalists
  7 emperor scorpions
  9 very ugly things
  A draconian stormcaller (Depths:5)
  2 spriggan defenders
  2 war gargoyles
  19 stone giants
  5 entropy weavers
  A draconian annihilator (Depths:5)
  3 deep elf demonologists
  2 vampire knights (Depths:4)
  A dire elephant (D:15)
  2 red draconians (Depths:5)
  Azrael (Orc:2)
  2 black draconians (Depths:5)
  2 yellow draconians (Depths:5)
  A minotaur (Lab)
  3 spark wasps
  7 deep elf annihilators
  6 merfolk javelineers
  The ghost of W0nk042 the Spear-Bearer, a journeyman DsGl of Okawaru (Lair:4)
  5 deep elf death magi
  A spark wasp (shapeshifter) (Vaults:5)
  7 fire dragons
  6 merfolk impalers
  3 death oozes
  18 ettins
  7 ice dragons
  14 yaktaur captains
  A deep elf high priest (Depths:4)
  9 rakshasas
  12 great orbs of eyes
  A hydra (shapeshifter) (Vaults:5)
  33 vault guards
  3 hydras
  A hell beast (Depths:5)
  9 centaur warriors
  4 spriggan air magi
  Erica (D:8)
  4 catoblepae
  A merfolk avatar (Shoals:3)
  7 death yaks (Lair:6)
  45 two-headed ogres
  20 ogre magi
  4 tengu warriors
  3 satyrs
  2 alligator snapping turtles (Shoals:4)
  3 death knights
  4 merfolk aquamancers
  9 deep troll earth magi
  6 deep troll shamans
  22 dancing weapons
  3 vampire magi
  4 orc high priests
  A hell knight (Depths:4)
  8 spriggan berserkers
  22 deep elf knights
  3 iron trolls
  A shadow wraith (Vaults:3)
  A soul eater (Depths:3)
  2 fire crabs (shapeshifter)
  2 storm dragon skeletons (Depths:3)
  4 sea snakes
  2 wizards
  5 unseen horrors
  A flayed ghost (Depths:2)
  18 deep trolls
  A glowing orange brain (shapeshifter) (Depths:5)
  6 glowing orange brains
  A lindwurm (shapeshifter) (Elf:1)
  15 ironbrand convokers
  5 phantasmal warriors
  24 deep elf archers
  18 orc knights
  23 harpies
  33 ugly things
  35 wolf spiders
  9 orc sorcerers
  19 orb spiders
  3 necromancers
  11 shining eyes
  60 deep elf magi
  A mana viper (shapeshifter) (Vaults:5)
  15 fauns
  A frost giant zombie (Depths:3)
  3 moths of wrath (shapeshifter)
  A small abomination (Vaults:5)
  2 shining eyes (shapeshifter)
  A salamander (shapeshifter) (Vaults:2)
  8 manticores
  8 cyclopes
  A moth of wrath (Spider:4)
  9 elephants
  Joseph (D:9)
  A black mamba (shapeshifter) (Vaults:5)
  3 rust devils
  Maurice (D:8)
  2 torpor snails
  13 vault sentinels
  A black mamba (Lair:4)
  2 centaur zombies
  A guardian serpent (shapeshifter) (Vaults:2)
  3 naga magi
  8 spiny frogs
  A merfolk siren (Shoals:4)
  3 water nymphs
  An eye of devastation (shapeshifter) (Depths:2)
  5 eyes of devastation
  6 gargoyles
  A hellion (Depths:3)
  The ghost of Infinimo the Insei, a novice DsBe of Trog (D:5)
  53 yaktaurs
  3 rime drakes
  4 demonic crawlers
  3 freezing wraiths
  An efreet (D:15)
  12 komodo dragons
  A hellwing (Depths:3)
  A red devil (Depths:3)
  2 tengu conjurers
  A yaktaur (shapeshifter) (Depths:2)
  18 merfolk
  A meliai (shapeshifter) (Vaults:1)
  A queen bee (shapeshifter) (Vaults:3)
  40 jumping spiders
  10 trolls
  3 wind drakes
  2 wind drakes (shapeshifter)
  A polar bear (Vaults:2)
  130 slime creatures
  A hippogriff (shapeshifter) (Vaults:1)
  18 hornets
  12 dream sheep
  14 hippogriffs
  2 raiju (shapeshifter)
  A meliai zombie (D:15)
  6 snapping turtles
  2 air elementals (Elf:2)
  A stone giant simulacrum (Vaults:2)
  A shadow (D:15)
  6 spriggans
  2 vampires
  A centaur simulacrum (D:13)
  A ynoxinul (Depths:3)
  A wyvern (shapeshifter) (Vaults:5)
  88 redbacks
  3 wraiths
  39 yaks
  6 wyverns
  13 water elementals
  43 tarantellas
  3 fire elementals
  Grum (D:11)
  6 basilisks
  6 golden eyes (Slime:3)
  A steam dragon (D:8)
  A yak (shapeshifter) (Vaults:4)
  7 hungry ghosts
  A basilisk (shapeshifter) (Vaults:5)
  A vampire mosquito (D:15)
  Menkaure (D:6)
  10 wargs
  7 water moccasins
  A swamp worm (shapeshifter) (Elf:2)
  2 soldier ants
  2 acid dragons
  4 hell hounds
  A hornet zombie (D:9)
  11 porcupines
  46 orc warriors
  6 sky beasts
  6 ice beasts
  A swamp drake (shapeshifter) (Vaults:3)
  4 phantoms
  2 black bears
  3 eyes of draining
  3 necrophages
  49 ogres
  5 boggarts
  12 wolves
  5 crocodiles
  24 centaurs
  A big kobold (D:12)
  5 elf zombies
  10 bullfrogs
  An earth elemental (Elf:2)
  2 elf skeletons (D:8)
  10 scorpions
  2 wyvern skeletons
  A glowing shapeshifter simulacrum (Depths:5)
  9 jellies
  3 killer bees (D:8)
  4 wights
  7 electric eels
  3 howler monkeys
  2 human simulacra
  10 crimson imps
  2 bullfrog zombies
  26 orc priests
  5 bullfrog skeletons
  6 hounds
  39 orc wizards
  A gnoll shaman (D:9)
  11 centaur skeletons
  6 iguanas
  2 iron imps (Depths:3)
  Ijyb (D:3)
  A human skeleton (D:8)
  6 worker ants
  An ogre skeleton (Lab)
  A hound skeleton (D:5)
  3 worker ant zombies
  8 gnolls
  14 adders
  6 shadow imps
  2 white imps
  4 ufetubi
  3 oozes
  2 adder skeletons
  3 worms
  A dart slug (D:1)
  2 leopard geckos (D:4)
  110 orcs
  A ball python (D:4)
  8 bats
  5 giant cockroaches
  6 hobgoblins
  5 jackals
  15 kobolds
  3 quokkas
  4 frilled lizards
  9 goblins
  A jackal skeleton (D:8)
  An orc skeleton (D:8)
  A quokka skeleton (D:4)
  A quokka zombie (D:9)
  5 rats
2145 creatures vanquished.

Vanquished Creatures (collateral kills)
  2 merfolk impalers (Shoals:4)
  2 merfolk avatars (Shoals:4)
  A merfolk aquamancer (Shoals:4)
  An alligator snapping turtle (Shoals:4)
  A satyr (Shoals:4)
  A manticore (Shoals:4)
  A merfolk siren (Shoals:4)
  A water nymph (Shoals:4)
  3 merfolk (Shoals:4)
  A wind drake (Shoals:4)
  4 snapping turtles (Shoals:4)
18 creatures vanquished.

Vanquished Creatures (others)
  A fire giant (Depths:5)
  3 yaktaur captains
  A dancing weapon (Elf:2)
  5 deep elf archers
  A harpy (Shoals:4)
  A deep elf mage (Elf:2)
  3 yaktaurs (Vaults:5)
  A water elemental (D:15)
  A tarantella (Spider:4)
  A vampire mosquito (D:15)
  A boggart (Vaults:2)
  An electric eel (D:15)
  An orc wizard (Orc:2)
  An orc (Orc:2)
  3 fungi
  49 plants
  13 toadstools (D:2)
87 creatures vanquished.

Grand Total: 2250 creatures vanquished

Notes
Turn   | Place    | Note
-------+----------+-------------------------------------------
     0 | D:1      | Infinimo the Demonspawn Berserker began the quest for the Orb.
     0 | D:1      | Reached XP level 1. HP: 18/18 MP: 1/1
   192 | D:1      | Reached skill level 3 in Unarmed Combat
   230 | D:1      | Gained mutation: Your flesh is cold resistant. (rC+) [demonic ancestry]
   230 | D:1      | Reached XP level 2. HP: 24/24 MP: 2/2
  1079 | D:2      | Gained mutation: You regenerate a little health from kills. [demonic ancestry]
  1079 | D:2      | Reached XP level 3. HP: 10/29 MP: 3/3
  1182 | D:2      | Reached ** piety under Trog
  1337 | D:2      | Found a blossoming altar of Fedhas.
  1348 | D:2      | Noticed an oklob plant
  1377 | D:2      | Reached skill level 4 in Unarmed Combat
  2220 | D:2      | Reached XP level 4. HP: 29/35 MP: 4/4
  2507 | D:3      | Noticed Ijyb
  2515 | D:3      | Killed Ijyb
  2854 | D:3      | Found a shattered altar of Ashenzari.
  2876 | D:3      | Found a transporter.
  2954 | D:3      | Reached skill level 5 in Unarmed Combat
  2981 | D:3      | Gained mutation: You have sharp toenails. [demonic ancestry]
  2981 | D:3      | Reached XP level 5. HP: 8/41 MP: 5/5
  3576 | D:3      | Noticed an ogre
  3578 | D:3      | Found a transporter.
  3583 | D:3      | Killed an ogre
  3583 | D:3      | Reached skill level 6 in Unarmed Combat
  3583 | D:3      | Reached XP level 6. HP: 10/47 MP: 6/6
  4495 | D:3      | Reached *** piety under Trog
  4516 | D:3      | Reached skill level 7 in Unarmed Combat
  4891 | D:4      | HP: 2/47 [phantom (9)]
  4898 | D:4      | Gained mutation: You regenerate health from kills. [demonic ancestry]
  4898 | D:4      | Reached XP level 7. HP: 3/52 MP: 7/7
  5277 | D:4      | Found a staircase to the Ecumenical Temple.
  6014 | D:4      | HP: 2/52 [ogre/giant club (30)]
  6021 | D:4      | Reached skill level 8 in Unarmed Combat
  6472 | D:5      | Entered Level 5 of the Dungeon
  6477 | D:5      | Noticed Infinimo's ghost (novice DsBe)
  7056 | D:5      | Paralysed by an orc priest for 5 turns
  7468 | D:5      | Killed Infinimo's ghost
  7468 | D:5      | Reached skill level 9 in Unarmed Combat
  7468 | D:5      | Gained mutation: When seriously injured, your bleeding wounds create armour. (AC +12) [demonic ancestry]
  7468 | D:5      | Reached XP level 8. HP: 16/58 MP: 8/8
  7866 | D:5      | Found a deep blue altar of Sif Muna.
  8081 | D:6      | Reached skill level 10 in Unarmed Combat
  8129 | D:6      | Found a sparkling altar of Nemelex Xobeh.
  8358 | D:6      | Found Zuiddur's Food Shoppe.
  8527 | D:6      | Found a basalt altar of Yredelemnul.
  8754 | D:7      | Noticed Menkaure
  8765 | D:6      | Killed Menkaure
  8777 | D:7      | Reached **** piety under Trog
  8982 | D:7      | Reached skill level 11 in Unarmed Combat
  8982 | D:7      | Reached XP level 9. HP: 52/63 MP: 9/9
  9243 | D:7      | Found a shimmering altar of Xom.
  9243 | D:7      | Found a hide-covered altar of Uskayaw.
  9248 | D:7      | Found a faded altar of an unknown god.
  9250 | D:7      | Found a shadowy altar of Dithmenos.
  9251 | D:7      | Found a faded altar of an unknown god.
  9330 | D:8      | Noticed Erica
  9341 | D:8      | Killed Erica
  9348 | D:8      | Reached skill level 12 in Unarmed Combat
  9570 | D:8      | Found a glowing golden altar of the Shining One.
  9571 | D:8      | Noticed Gastronok
  9734 | D:8      | Killed Gastronok
  9734 | D:8      | Reached skill level 13 in Unarmed Combat
  9734 | D:8      | Gained mutation: You are immune to freezing clouds. [demonic ancestry]
  9734 | D:8      | Reached XP level 10. HP: 70/70 MP: 10/10
  9835 | D:8      | Noticed Maurice
 10518 | D:8      | Reached skill level 14 in Unarmed Combat
 10777 | D:8      | Found Emug Zecw's Assorted Antiques.
 11645 | D:8      | Killed Maurice
 11939 | D:9      | Noticed a purple ugly thing
 12043 | D:9      | Noticed a deep elf mage
 12046 | D:9      | Noticed a centaur warrior
 12071 | D:9      | Killed a deep elf mage
 12380 | D:9      | Got a sparkling lapis lazuli ring
 12386 | D:9      | Noticed a purple ugly thing
 12409 | D:9      | Killed a purple ugly thing
 12409 | D:9      | Reached skill level 15 in Unarmed Combat
 12409 | D:9      | Reached XP level 11. HP: 73/75 MP: 11/11
 12418 | D:9      | Killed a purple ugly thing
 12544 | D:9      | Killed a centaur warrior
 12546 | D:9      | Got a heavily runed brass amulet
 12579 | D:9      | Identified the cursed ring "Etsesa" {rPois rF+ Int-5 SInv} (You took it off a centaur on level 9 of the Dungeon)
 12580 | D:9      | Identified an amulet of Moodiness {Faith rN+ MP-9 SInv} (You took it off a centaur warrior on level 9 of the Dungeon)
 12643 | D:9      | Got a warped silver ring
 12646 | D:9      | Got a pitted sapphire amulet
 13066 | D:9      | Found a hazy altar of Hepliaklqana.
 13147 | D:9      | Noticed Joseph
 13161 | D:9      | Killed Joseph
 13327 | D:9      | Reached ***** piety under Trog
 13442 | D:10     | Entered Level 10 of the Dungeon
 13580 | D:10     | Found a staircase to the Lair.
 13705 | D:10     | Found Uhiaf's Book Shop.
 13933 | D:10     | Found a staircase to the Orcish Mines.
 13954 | D:10     | Received a gift from Trog
 14142 | D:10     | Found a radiant altar of Vehumet.
 14253 | D:10     | Identified the ring "Relaf" {+Blink MR+++ Str+2 Int-2 Dex-3} (You found it on level 9 of the Dungeon)
 14255 | D:10     | Identified the amulet "Enluovvo" {Inacc rPois} (You found it on level 9 of the Dungeon)
 14457 | D:11     | Noticed a two-headed ogre
 14457 | D:11     | Noticed a two-headed ogre
 14458 | D:11     | Noticed an ogre mage
 14459 | D:11     | Noticed a two-headed ogre
 14464 | D:11     | Killed a two-headed ogre
 14464 | D:11     | Reached skill level 5 in Fighting
 14467 | D:11     | Noticed a red ugly thing
 14523 | D:10     | Killed a two-headed ogre
 14523 | D:10     | Reached skill level 16 in Unarmed Combat
 14526 | D:10     | Killed a two-headed ogre
 14673 | D:10     | Killed a red ugly thing
 14673 | D:10     | Gained mutation: A meltable icy envelope protects you from harm. (AC +10) [demonic ancestry]
 14673 | D:10     | Reached XP level 12. HP: 83/86 MP: 3/12
 14729 | D:11     | Killed an ogre mage
 14729 | D:11     | Reached skill level 5 in Armour
 14876 | Lair:1   | Entered Level 1 of the Lair of Beasts
 14982 | Lair:1   | Got a brightly glowing golden amulet
 14984 | Lair:1   | Identified the amulet of Wazepha {Harm *Drain Str+8 Dex-3 Stlth-} (You found it on level 1 of the Lair of Beasts)
 15875 | Lair:2   | Found a hole to the Spider Nest.
 16096 | Lair:2   | Noticed a seven-headed hydra
 16103 | Lair:2   | Killed a seven-headed hydra
 16598 | Lair:3   | Found a labyrinth entrance.
 16606 | Lab      | Entered a labyrinth
 16780 | Lab      | Noticed a minotaur
 16791 | Lab      | Killed a minotaur
 16818 | Lab      | Got a tattered robe
 16839 | Lair:3   | Identified the +0 robe of the Accordion {rF++ rN+ Dex-3} (You found it in a labyrinth)
 17328 | Lair:3   | Reached skill level 17 in Unarmed Combat
 18026 | Lair:4   | Found a staircase to the Shoals.
 18202 | Lair:4   | Noticed W0nk042's ghost (journeyman DsGl)
 18225 | Lair:4   | Killed W0nk042's ghost
 18225 | Lair:4   | Reached XP level 13. HP: 97/97 MP: 4/13
 18827 | Lair:5   | Noticed Rupert
 18843 | Lair:5   | Killed Rupert
 19504 | Lair:6   | Entered Level 6 of the Lair of Beasts
 19776 | Lair:6   | Reached skill level 18 in Unarmed Combat
 19869 | Lair:6   | Received a gift from Trog
 20028 | Lair:6   | Reached XP level 14. HP: 87/107 MP: 5/14
 20099 | Lair:6   | HP: 3/107 [komodo dragon (20)]
 20773 | Lair:6   | Found a runed door.
 20773 | Lair:6   | Found a viscous altar of Jiyva.
 20773 | Lair:6   | Found a staircase to the Slime Pits.
 21157 | Orc:1    | Entered Level 1 of the Orcish Mines
 21518 | Orc:1    | Received a gift from Trog
 21527 | Orc:1    | Reached skill level 10 in Fighting
 21568 | Orc:1    | Got a shimmering lajatang {god gift}
 21569 | Orc:1    | Identified the +9 lajatang "Coyqam" {slice, rElec rPois Str-3} (Trog gifted it to you on level 1 of the Orcish Mines)
 21687 | Orc:1    | Found a roughly hewn altar of Beogh.
 21846 | Orc:2    | Entered Level 2 of the Orcish Mines
 21990 | Orc:2    | Noticed Azrael
 22005 | Orc:2    | Killed Azrael
 22059 | Orc:2    | Found a staircase to the Elven Halls.
 22213 | Orc:2    | Reached ****** piety under Trog
 22255 | Orc:2    | Received a gift from Trog
 22317 | Orc:2    | Found Tibiukyps's Antique Armour Shoppe.
 22317 | Orc:2    | Found Ixkuem's Antique Armour Emporium.
 22317 | Orc:2    | Found Icisuokhlyf's Distillery.
 22369 | Orc:2    | Found Qimog's Antique Weapon Shoppe.
 22372 | Orc:2    | Bought a jewelled scale mail for 180 gold pieces
 22685 | Orc:2    | Identified the +5 scale mail of Supple Strength {rCorr Str+4} (You bought it in a shop on level 2 of the Orcish Mines)
 23233 | D:11     | Noticed Grum
 23242 | D:11     | Killed Grum
 23669 | D:12     | Reached skill level 19 in Unarmed Combat
 23830 | D:12     | Received a gift from Trog
 24573 | D:13     | Reached skill level 10 in Armour
 24593 | D:13     | Reached XP level 15. HP: 89/117 MP: 6/15
 24709 | D:13     | Noticed a storm dragon
 24719 | D:13     | Killed a storm dragon
 24981 | D:13     | Received a gift from Trog
 25842 | D:14     | Found a gate to the Vaults.
 26242 | D:15     | Entered Level 15 of the Dungeon
 26435 | D:15     | Found a staircase to the Depths.
 26745 | D:15     | Received a gift from Trog
 27409 | Spider:1 | Entered Level 1 of the Spider Nest
 27982 | Spider:1 | Reached skill level 20 in Unarmed Combat
 28017 | Spider:1 | Received a gift from Trog
 29046 | Spider:2 | Gained mutation: When seriously injured, your bleeding wounds create thick armour. (AC +12) [demonic ancestry]
 29046 | Spider:2 | Reached XP level 16. HP: 127/127 MP: 7/16
 29064 | Spider:2 | Received a gift from Trog
 29949 | Spider:3 | Received a gift from Trog
 31318 | Spider:4 | Entered Level 4 of the Spider Nest
 31640 | Spider:4 | Received a gift from Trog
 31841 | Spider:4 | Reached skill level 21 in Unarmed Combat
 32201 | Spider:4 | Received a gift from Trog
 32685 | Spider:4 | Gained mutation: You have razor-sharp toenails. [demonic ancestry]
 32685 | Spider:4 | Reached XP level 17. HP: 135/137 MP: 8/17
 32744 | Spider:4 | Noticed Arachne
 32842 | Spider:4 | Killed Arachne
 32967 | Spider:4 | Received a gift from Trog
 33442 | Spider:4 | Got a gossamer rune of Zot
 33813 | Shoals:1 | Entered Level 1 of the Shoals
 33871 | Shoals:1 | Noticed Infinimo's ghost (adept DsBe)
 33903 | Shoals:1 | Killed Infinimo's ghost
 35290 | Shoals:2 | Received a gift from Trog
 36195 | Shoals:3 | Found Mas Rumu's Antique Armour Boutique.
 36285 | Shoals:3 | Found Iniphuw's Food Shop.
 36316 | Shoals:3 | Found Coqasoimo's Armour Boutique.
 36321 | Shoals:3 | Got an ichor-stained helmet
 36332 | Shoals:3 | Identified the +0 helmet "Tofakaf" {Str+3} (You found it on level 3 of the Shoals)
 36670 | Shoals:4 | Entered Level 4 of the Shoals
 36699 | Shoals:4 | Found the ring of Phasing {EV+8}
 37174 | Shoals:4 | Received a gift from Trog
 37191 | Shoals:4 | Received a gift from Trog
 37228 | Shoals:4 | Reached skill level 22 in Unarmed Combat
 37268 | Shoals:4 | Noticed Ilsuiw
 37288 | Shoals:4 | Killed Ilsuiw
 37682 | Shoals:4 | Gained mutation: You have claws for feet. [demonic ancestry]
 37682 | Shoals:4 | Reached XP level 18. HP: 82/147 MP: 9/18
 38122 | Shoals:4 | Received a gift from Trog
 38515 | Shoals:4 | Got a barnacled rune of Zot
 38681 | Shoals:4 | Got a twisted scale mail
 38736 | Shoals:4 | Identified the +6 scale mail of Starshine {rPois} (You took it off a merfolk on level 4 of the Shoals)
 38917 | Elf:1    | Entered Level 1 of the Elven Halls
 38936 | Elf:1    | Noticed an Ice Fiend
 39170 | Vaults:1 | Entered Level 1 of the Vaults
 39352 | Vaults:1 | Received a gift from Trog
 39368 | Vaults:1 | Reached skill level 15 in Fighting
 40382 | Vaults:1 | Received a gift from Trog
 41284 | Vaults:1 | Got an ichor-stained ring mail
 41295 | Vaults:1 | Identified the +3 ring mail of the Monkey's Uncle {rF+} (You found it on level 1 of the Vaults)
 41444 | Vaults:2 | Gained mutation: You are robust. (+10% HP) [demonic ancestry]
 41444 | Vaults:2 | Reached XP level 19. HP: 170/170 MP: 10/19
 41458 | Vaults:2 | Reached skill level 23 in Unarmed Combat
 41784 | Vaults:2 | Received a gift from Trog
 42195 | Vaults:2 | Paralysed by an ogre mage for 6 turns
 42235 | Vaults:2 | Received a gift from Trog
 42345 | Vaults:2 | Noticed a lich
 42364 | Vaults:2 | Killed a lich
 42543 | Vaults:2 | Received a gift from Trog
 42716 | Vaults:2 | Found a radiant altar of Vehumet.
 42987 | Vaults:2 | Got an ancient robe
 42999 | Vaults:2 | Got a crude robe
 43090 | Vaults:2 | Identified the +1 robe of Marbles {rN+ rCorr Int+2} (You found it on level 2 of the Vaults)
 43100 | Vaults:2 | Identified the +3 robe of the Fisher {rC+ Str+6} (You found it on level 2 of the Vaults)
 43153 | Vaults:3 | Reached skill level 15 in Armour
 43422 | Vaults:3 | Received a gift from Trog
 43794 | Vaults:3 | Noticed Bai Suzhen
 43829 | Vaults:3 | Killed Bai Suzhen
 43829 | Vaults:3 | Gained mutation: You are very robust. (+20% HP) [demonic ancestry]
 43829 | Vaults:3 | Reached XP level 20. HP: 199/199 MP: 11/20
 44124 | Vaults:3 | Received a gift from Trog
 44187 | Vaults:3 | Found a staircase to the Crypt.
 44711 | Vaults:4 | Reached skill level 24 in Unarmed Combat
 44723 | Vaults:4 | Received a gift from Trog
 44727 | Vaults:4 | Noticed Donald
 44744 | Vaults:4 | Killed Donald
 45269 | Vaults:4 | Found Yfewk's Weapon Emporium.
 45597 | Vaults:4 | Received a gift from Trog
 46661 | Depths:1 | Entered Level 1 of the Depths
 47215 | Depths:1 | Noticed Saint Roka
 47253 | Depths:1 | Killed Saint Roka
 47253 | Depths:1 | Received a gift from Trog
 47366 | Depths:1 | Reached XP level 21. HP: 201/208 MP: 12/21
 47636 | Depths:1 | Found Disair's Assorted Antiques.
 47649 | Depths:1 | Found a gateway to Hell.
 47694 | Depths:1 | Found a snail-covered altar of Cheibriados.
 47984 | Depths:1 | Found a one-way gate to the infinite horrors of the Abyss.
 48487 | Depths:2 | Noticed Sojobo
 48804 | Depths:2 | Killed Sojobo
 49541 | Depths:2 | Reached skill level 25 in Unarmed Combat
 49571 | Depths:2 | Received a gift from Trog
 49636 | Depths:2 | Noticed a juggernaut
 49951 | Depths:2 | Killed a juggernaut
 50042 | Depths:2 | Noticed a golden dragon
 50055 | Depths:2 | Killed a golden dragon
 50481 | Depths:3 | Got a crude chain mail
 50498 | Depths:3 | Identified the cursed +0 chain mail of Xibbuute {rC+} (You found it on level 3 of the Depths)
 50618 | Depths:3 | Received a gift from Trog
 51045 | Depths:3 | Found a one-way gate leading to the halls of Pandemonium.
 51209 | Depths:3 | Gained mutation: You are extremely robust. (+30% HP) [demonic ancestry]
 51209 | Depths:3 | Reached XP level 22. HP: 144/239 MP: 13/22
 51471 | Depths:3 | Noticed a golden dragon
 51501 | Depths:3 | Killed a golden dragon
 51503 | Depths:3 | Noticed a juggernaut
 51511 | Depths:3 | Killed a juggernaut
 51688 | Depths:3 | Received a gift from Trog
 52383 | Depths:4 | Received a gift from Trog
 52400 | Depths:4 | Noticed Louise
 52418 | Depths:4 | Killed Louise
 52420 | Depths:4 | Got a dazzling large shield
 52427 | Depths:4 | Identified the cursed +0 large shield of Impressiveness {rElec rF- Int+6 Slay+6} (You took it off Louise on level 4 of the Depths)
 52528 | Depths:4 | Noticed a caustic shrike
 52543 | Depths:4 | Killed a caustic shrike
 52543 | Depths:4 | Reached skill level 1 in Shields
 53360 | Depths:5 | Entered Level 5 of the Depths
 53372 | Depths:5 | Reached skill level 26 in Unarmed Combat
 53938 | Depths:5 | Found Myfox's Jewellery Emporium.
 53943 | Depths:5 | Bought the amulet of Boufatel {Reflect rF+ rC+ MR++ Str+4 SH+3} for 909 gold pieces
 53958 | Depths:5 | Noticed a golden dragon
 53966 | Depths:5 | Killed a golden dragon
 53974 | Depths:5 | Received a gift from Trog
 54118 | Depths:5 | Found a gate to the Realm of Zot.
 54264 | Depths:5 | Found a gateway to a ziggurat.
 54289 | Depths:5 | Reached skill level 5 in Shields
 54499 | Depths:5 | Gained mutation: You regenerate a lot of health from kills. [demonic ancestry]
 54499 | Depths:5 | Reached XP level 23. HP: 249/249 MP: 23/23
 56428 | Vaults:5 | Entered Level 5 of the Vaults
 56813 | Vaults:5 | Received a gift from Trog
 56816 | Vaults:5 | Reached skill level 27 in Unarmed Combat
 56869 | Vaults:5 | Received a gift from Trog
 56970 | Vaults:4 | Reached skill level 10 in Shields
 57175 | Vaults:5 | Found the ring of the Octopus King
 57183 | Vaults:5 | Got a ring of the Octopus King
 57281 | Vaults:5 | Got a translucent jade ring
 57295 | Vaults:5 | Noticed an ancient lich
 57302 | Vaults:5 | Killed an ancient lich
 57333 | Vaults:5 | Identified a scroll of acquirement
 57335 | Vaults:5 | Reached XP level 24. HP: 258/258 MP: 23/23
 57339 | Vaults:5 | Received a gift from Trog
 57475 | Vaults:5 | Got a silver rune of Zot
 58719 | Elf:1    | Received a gift from Trog
 59016 | Elf:1    | Got a twisted shield
 59027 | Elf:1    | Identified the +1 shield of the Shore {Int+4} (You found it on level 1 of the Elven Halls)
 59462 | Elf:2    | Found the +10 large shield of Ignorance {rN+ Int-4}
 59466 | Elf:2    | Identified the ring "Uxzuawul" {*Tele rPois MR+ Str-4 Dex+4} (You took it off a deep elf sorcerer on level 5 of the Vaults)
 59468 | Elf:2    | Identified a ring of the Octopus King {rCorr AC+1 EV+1 Str+1 Int+1 Dex+1} (You found it on level 5 of the Vaults)
 59552 | Elf:2    | Received a gift from Trog
 59821 | Elf:2    | Found Conikoch's General Store.
 59889 | Elf:2    | Reached skill level 15 in Shields
 59937 | Elf:2    | Found a huge runed gate.
 59937 | Elf:2    | Found a huge runed gate.
 59937 | Elf:2    | Found a huge runed gate.
 59937 | Elf:2    | Found a huge runed gate.
 59939 | Elf:2    | Found a huge runed gate.
 60703 | Slime:1  | Entered Level 1 of the Pits of Slime
 60793 | Lair:6   | Received a gift from Trog
 60884 | Slime:1  | Gained mutation: You are clumsy. (Dex -2) [a shining eye]
 60897 | Slime:1  | Found a viscous altar of Jiyva.
 61343 | Slime:2  | Gained mutation: You are dopey. (Int -2) [a shining eye]
 61348 | Slime:2  | Gained mutation: You are very clumsy. (Dex -4) [a shining eye]
 61358 | Slime:2  | Gained mutation: Your spells are a little easier to cast, but a little less powerful. [a shining eye]
 61575 | Slime:2  | Gained mutation: When seriously injured, your bleeding wounds create very thick armour. (AC +12) [demonic ancestry]
 61575 | Slime:2  | Reached XP level 25. HP: 235/267 MP: 23/23
 61607 | Slime:2  | Gained mutation: You are weak. (Str -2) [a shining eye]
 61939 | Slime:3  | Received a gift from Trog
 62067 | Slime:3  | Gained mutation: Your magical capacity is low. (-10% MP) [a shining eye]
 62276 | Slime:4  | Gained mutation: You do not regenerate when monsters are visible. [a shining eye]
 62293 | Slime:4  | Gained mutation: Your body sometimes deteriorates upon taking damage. [a shining eye]
 62299 | Slime:4  | Gained mutation: You expend magic power (3 MP) to strengthen your wands. [a shining eye]
 62300 | Slime:4  | Gained mutation: Your body often deteriorates upon taking damage. [a shining eye]
 62301 | Slime:4  | Gained mutation: Armour fits poorly on your strangely shaped body. [a shining eye]
 62562 | Slime:4  | Gained mutation: Your magical capacity is very low. (-20% MP) [a shining eye]
 62861 | Slime:5  | Entered Level 5 of the Pits of Slime
 62897 | Slime:5  | Noticed the Royal Jelly
 62909 | Slime:5  | Killed the Royal Jelly
 62931 | Slime:5  | Received a gift from Trog
 62932 | Slime:5  | HP: 13/267 [acid[the Royal Jelly] (3)]
 62933 | Slime:5  | HP: 3/267 [acid blob[the Royal Jelly] (21)]
 62933 | Slime:5  | Splashed by an acid blob's acid

Vault maps used:
D:1:      minmay_arrival_three_doors
D:2:      first_ration, tgw_fedhas
D:3:      gammafunk_steamed_eel, minmay_misc_feat_enclosed, ashenzari_altar_1,
          uniq_ijyb
D:4:      minmay_temple_entry_butterflies
D:5:      tgw_sif
D:6:      nemelex_xobeh_ov_fountains_minmay, kennysheep_mini, serial_shops, shop
D:7:      chequers_temple_overflow_minitemple, uniq_menkaure
D:8:      lemuel_doored_altar, serial_shops, shop,
          nicolae_ossuary_entry_catacombs, uniq_gastronok, uniq_erica,
          uniq_maurice
D:9:      minmay_the_grid_triangle_9x9_recursive_2_mashed, basic_altar,
          the_bakery, hangedman_abyss_or_decor_stabs, uniq_joseph
D:10:     lair_entry_dummy, hiddenorc2_lemuel, basic_altar, serial_shops, shop,
          hangedman_decor_points
D:11:     hangedman_cross_stitches, portal_ice_cave_rime, uniq_grum
D:13:     minmay_mutant_horseshoe
D:14:     david_vaults_2, serial_bayou_pond_d, st_stairs_3, minivault_1
D:15:     hangedman_depths_entry_try_elsewhere_first, serial_bayou,
          serial_bayou_pond_b, serial_bayou_lagoon_b, serial_bayou_crossing
Lair:1:   grunt_megastairs_3
Lair:2:   spider_nest_entry_a, nicolae_quartered_pool_little
Lair:3:   lab_entry_generic, minivault_26
Lair:4:   elwin_shoals_entry_rocks, beast_lair_carwin_6
Lair:5:   uniq_rupert
Lair:6:   evilmike_catoblepas_cave, slime_altar_2
Shoals:1: yaktaur_hedge
Shoals:2: nicolae_shoals_dead_sea_scrolls
Shoals:3: serial_shops, shop, shop, shop
Shoals:4: shoals_end_grunt_garden, shoals_ilsuiw_ice
Spider:2: spiders_nest_scorpion_pit
Spider:4: johnstein_spider_rune_arachne_lair, nicolae_arachne_temple
Slime:1:  basic_altar
Slime:4:  cheibrodos_slime_lost_civilization_4
Orc:1:    cheibrodos_orc_guarddog, kennysheep_orc_chapel
Orc:2:    st_orc_mages, uniq_azrael
Elf:1:    elf_arrival_001, minmay_elf_necromancy
Elf:2:    serial_shops, nicolae_shop_trees, nicolae_elf_big_sculpture_1
Vaults:1: nicolae_vaults_ring_of_whatevers, st_eye, hangedman_vaults_slice,
          ontoclasm_vaults_idyll, vaults_mumra_minichess,
          ontoclasm_vaults_idyll, vaults_room_stairs_pillars, v_pattern_3,
          hangedman_vaults_snaps, vaults_dpeg_hooks, vaults_room_fours,
          v_misc_15, hangedman_vaults_trim, nicolae_vaults_specimen_jars
Vaults:2: grunt_tower_of_power, v_alt_pattern_2, v_rooms_3, v_alt_pattern_5,
          v_misc_11, vaults_dpeg_diagonal, ontoclasm_vaults_gateway,
          grunt_vaults_funnel, serial_ice_h, dpeg_vaults_monster_box,
          nicolae_vaults_diagonal_hallway_8, vaults_dpeg_cross
Vaults:3: hangedman_vaults_maws, ontoclasm_vaults_pinch, v_alt_pattern_3,
          v_misc_18, ontoclasm_vaults_fault, vaults_room_boxed,
          vaults_room_pool, nicolae_vaults_yaktaur_gun_rack,
          blue_anna_dwarven_crypt, uniq_bai_suzhen
Vaults:4: v_alt_pattern_3, nicolae_vaults_rhombus_7, st_more_cells, v_pattern_4,
          nicolae_vaults_network_barrier, v_misc_31, nicolae_vaults_network_s,
          ontoclasm_vaults_ring_small, vaults_dpeg_encased_lava,
          vaults_mumra_hexcomb, vaults_room_grid, serial_shops, shop_fountains,
          uniq_donald
Depths:1: kennysheep_room_grid, hell_entry, minmay_misc_feat_tower,
          abyss_entry_crystal, serial_shops, shop, glass_columns_a,
          cheibriados_altar_1, uniq_saint_roka
Depths:2: minmay_tearing_corner, nicolae_twisting_strands,
          grunt_hell_entry_dis_old, uniq_sojobo
Depths:3: cheibrodos_leafed_vault, grunt_pan_entry_sceptre, abyss_entry,
          hangedman_geh_valley, minmay_staircase_bubble
Depths:4: minmay_shrinking_squares, nicolae_abyss_entry_one_way_or_another,
          wad_floor_pattern_2, hell_entry, st_stairs_14
Depths:5: grunt_zot_entry_alcove, enter_ziggurat_c, grunt_mini_vestibule,
          serial_shops, shop, pan_entry, grunt_megastairs_2
Lab:      labyrinth_spiral, nicolae_lab_plus, nicolae_lab_statue,
          nicolae_lab_t_cross, nicolae_lab_swirl, nicolae_lab_hexagon,
          nicolae_lab_lava, lab_fountain, nicolae_lab_quarters, lab_statue,
          nicolae_lab_very_dead_end, nicolae_lab_x

Skill      XL: |  1  2  3  4  5  6  7  8  9 10 11 12 13 14 15 16 17 18 19 20 21 22 23 24 25 |
---------------+----------------------------------------------------------------------------+-----
Unarmed Combat | 3 4 5 6 7 9 11 13 15 16 17 18 19 20 21 22 23 24 25 26 27 | 27.0
Armour         | 4 6 8 10 11 12 13 14 15 16 17 | 17.2
Fighting       | 5 7 9 11 12 13 14 15 16 17 18 | 18.6
Shields        | 5 11 16 18 | 18.5
Dodging        | |  1.7

Action                   |  1- 3 |  4- 6 |  7- 9 | 10-12 | 13-15 | 16-18 | 19-21 | 22-24 | 25-27 || total
-------------------------+-------+-------+-------+-------+-------+-------+-------+-------+-------++-------
Melee: Unarmed           |   157 |   132 |   257 |   889 |  1586 |  1732 |  1555 |  1433 |   308 ||  8049
       Punch             |     1 |     3 |    12 |    62 |   124 |   178 |   176 |    14 |       ||   570
       Kick              |       |    21 |    32 |       |       |   218 |   663 |   617 |   154 ||  1705
Invok: Berserk           |       |     4 |     4 |    21 |    16 |    20 |    14 |     9 |     4 ||    92
       Trog's Hand       |       |       |     1 |       |       |     1 |       |       |       ||     2
       Brothers in Arms  |       |       |       |       |       |     2 |       |       |       ||     2
Evoke: Wand              |       |     7 |     4 |     2 |     1 |       |       |   129 |       ||   143
  Use: Potion            |     1 |     1 |       |       |       |    11 |       |       |     1 ||    14
       Scroll            |       |     7 |     2 |    21 |    10 |     6 |     9 |    10 |     2 ||    67
 Stab: Sleeping          |       |     1 |       |       |       |       |       |       |       ||     1
       Petrifying        |       |       |       |       |     1 |       |       |       |       ||     1
       Distracted        |       |       |       |       |       |     2 |       |     1 |       ||     3
  Eat: Chunk             |     2 |     9 |     9 |    38 |    53 |    50 |    40 |    31 |       ||   232
       Ration            |     1 |       |     3 |     5 |       |     3 |     2 |     3 |     2 ||    19
Armor: Animal skin       |    48 |    14 |     7 |       |       |       |       |       |       ||    69
       Skin              |       |     8 |       |       |       |       |       |       |       ||     8
       Scale mail        |       |       |    57 |   296 |     3 |       |       |       |       ||   356
       Plate armour      |       |       |       |    66 |  1248 |  1781 |   256 |       |       ||  3351
       Storm dragon scal |       |       |       |       |       |       |   343 |       |       ||   343
       Gold dragon scale |       |       |       |       |       |       |   197 |   608 |   121 ||   926
Dodge: Dodged            |   119 |    64 |    88 |   309 |   540 |   755 |   665 |   472 |    38 ||  3050
Block: Large shield      |       |       |       |       |       |       |       |  1251 |   277 ||  1528
       Reflection        |       |       |       |       |       |       |       |   119 |     4 ||   123

Table legend:
 A = Spawn XP
 B = Non-spawn XP
 C = Spawn XP percentage of total XP
 D = Spawn monster count
 E = Non-spawn monster count
 F = Spawn count percentage of total count
 G = Total turns spent on level
                    A         B        C        D         E        F      G
               +---------+---------+-------+---------+---------+-------+---------
         Total |       0 | 1221673 |   0.0 |       0 |    2171 |   0.0 | 62933
               +---------+---------+-------+---------+---------+-------+---------
           D:1 |       0 |      34 |   0.0 |       0 |      19 |   0.0 |  1053
           D:2 |       0 |      70 |   0.0 |       0 |      21 |   0.0 |  1453
           D:3 |       0 |     510 |   0.0 |       0 |      36 |   0.0 |  2233
           D:4 |       0 |     380 |   0.0 |       0 |      14 |   0.0 |  1969
           D:5 |       0 |    1004 |   0.0 |       0 |      22 |   0.0 |  1418
           D:6 |       0 |     724 |   0.0 |       0 |      18 |   0.0 |   731
           D:7 |       0 |     273 |   0.0 |       0 |       6 |   0.0 |   684
           D:8 |       0 |    5679 |   0.0 |       0 |      34 |   0.0 |  2341
           D:9 |       0 |    5713 |   0.0 |       0 |      36 |   0.0 |  1780
          D:10 |       0 |    8361 |   0.0 |       0 |      75 |   0.0 |  1694
          D:11 |       0 |    9086 |   0.0 |       0 |      49 |   0.0 |  1226
          D:12 |       0 |    9003 |   0.0 |       0 |      41 |   0.0 |  1001
          D:13 |       0 |   10766 |   0.0 |       0 |      33 |   0.0 |  1138
          D:14 |       0 |    6012 |   0.0 |       0 |      18 |   0.0 |   899
          D:15 |       0 |   13899 |   0.0 |       0 |      43 |   0.0 |  1178
        Lair:1 |       0 |    3115 |   0.0 |       0 |      18 |   0.0 |  1063
        Lair:2 |       0 |    2819 |   0.0 |       0 |      10 |   0.0 |   846
        Lair:3 |       0 |    2151 |   0.0 |       0 |       9 |   0.0 |  1073
        Lair:4 |       0 |    5091 |   0.0 |       0 |      21 |   0.0 |   953
        Lair:5 |       0 |   11523 |   0.0 |       0 |      35 |   0.0 |  1499
        Lair:6 |       0 |   22122 |   0.0 |       0 |      58 |   0.0 |  1248
      Shoals:1 |       0 |    8191 |   0.0 |       0 |      18 |   0.0 |   951
      Shoals:2 |       0 |   11083 |   0.0 |       0 |      23 |   0.0 |  1097
      Shoals:3 |       0 |   13500 |   0.0 |       0 |      28 |   0.0 |  1431
      Shoals:4 |       0 |   35435 |   0.0 |       0 |      60 |   0.0 |  1515
      Spider:1 |       0 |   12685 |   0.0 |       0 |      39 |   0.0 |  1291
      Spider:2 |       0 |   22108 |   0.0 |       0 |      70 |   0.0 |  1176
      Spider:3 |       0 |   15564 |   0.0 |       0 |      42 |   0.0 |  1560
      Spider:4 |       0 |   54261 |   0.0 |       0 |     112 |   0.0 |  2464
       Slime:1 |       0 |   20505 |   0.0 |       0 |      23 |   0.0 |   514
       Slime:2 |       0 |   21875 |   0.0 |       0 |      25 |   0.0 |   563
       Slime:3 |       0 |   25451 |   0.0 |       0 |      44 |   0.0 |   434
       Slime:4 |       0 |   23726 |   0.0 |       0 |      46 |   0.0 |   527
       Slime:5 |       0 |   21942 |   0.0 |       0 |      10 |   0.0 |    72
         Orc:1 |       0 |    4991 |   0.0 |       0 |      44 |   0.0 |   673
         Orc:2 |       0 |    9380 |   0.0 |       0 |      61 |   0.0 |   980
         Elf:1 |       0 |   34595 |   0.0 |       0 |      55 |   0.0 |  1025
         Elf:2 |       0 |   47015 |   0.0 |       0 |      71 |   0.0 |  1110
      Vaults:1 |       0 |   65207 |   0.0 |       0 |      87 |   0.0 |  2278
      Vaults:2 |       0 |   79055 |   0.0 |       0 |     121 |   0.0 |  1844
      Vaults:3 |       0 |   39815 |   0.0 |       0 |      63 |   0.0 |  1566
      Vaults:4 |       0 |   91804 |   0.0 |       0 |     115 |   0.0 |  1952
      Vaults:5 |       0 |  154598 |   0.0 |       0 |     126 |   0.0 |  1451
      Depths:1 |       0 |   49940 |   0.0 |       0 |      63 |   0.0 |  1810
      Depths:2 |       0 |   65847 |   0.0 |       0 |      40 |   0.0 |  2166
      Depths:3 |       0 |   64712 |   0.0 |       0 |      60 |   0.0 |  1843
      Depths:4 |       0 |   40053 |   0.0 |       0 |      33 |   0.0 |  1406
      Depths:5 |       0 |   68059 |   0.0 |       0 |      68 |   0.0 |  1540
           Lab |       0 |    1941 |   0.0 |       0 |       8 |   0.0 |   214
               +---------+---------+-------+---------+---------+-------+---------
